 Dungeon Crawl Stone Soup version 0.31-a0-164-g2312942fda (webtiles) character file.

Game seed: 5128464218113008740

29 qw the Shooter (level 3, 0/21 HPs)
             Began as a Gargoyle Hunter on June 13, 2023.
             Slain by Sigmund
             ... wielding a +6 scythe of protection
              (7 damage)
             ... on level 2 of the Dungeon.
             The game lasted 00:00:24 (729 turns).

qw the Shooter (Gargoyle Hunter)                     Turns: 729, Time: 00:00:25

Health: 0/21       AC:  6    Str: 14    XL:     3   Next: 16%
Magic:  3/3        EV: 11    Int:  9    God:
Gold:   58         SH:  0    Dex: 15    Spells: 2/2 levels left

rFire   . . .        g - +0 shortbow (heavy)
rCold   . . .        (shield currently unavailable)
rNeg    + . .        c - +0 leather armour
rPois   inf          (no helmet)
rElec   +            (no cloak)
rCorr   .            (no gloves)
SInv    .            (no boots)
Will    .....        (no amulet)
Stlth   +            (no ring)
HPRegen 0.23/turn    (no ring)
MPRegen 0.08/turn

%: no passive effects
@: confused
A: sickness immunity, AC +3, negative energy resistance 1, electricity
resistance, torment resistance 1, petrification resistance
a: no special abilities


You were on level 2 of the Dungeon.
You visited 1 branch of the dungeon, and saw 2 of its levels.

You collected 58 gold pieces.


Innate Abilities, Weirdness & Mutations

You are immune to sickness and miasma.
Your stone body is resilient. (AC +3)
You are immune to poison.
You resist negative energy. (rN+)
You are resistant to electric shocks. (rElec)
You are resistant to unholy torment.
You are immune to petrification.


   Skills:
 + Level 2.2 Fighting
 - Level 5.0 Ranged Weapons
 - Level 1.5 Dodging
 - Level 1.1 Stealth


You had 2 spell levels left.
You didn't know any spells.
Your spell library was empty.

Inventory:

Hand Weapons
 g - a +0 heavy shortbow (weapon)
Armour
 c - a +0 leather armour (worn)
Scrolls
 d - a scroll of amnesia {unknown}
 j - a scroll of teleportation
Potions
 b - a potion of attraction {unknown}
 f - a potion of might {unknown}
 i - a potion of mutation {unknown}
 k - a potion of cancellation {unknown}

Dungeon Overview and Level Annotations

Branches:
Dungeon (2/15)

Altars:

Annotations:
D:2 Sigmund


Message History

Sigmund casts a spell at you. You resist with significant effort.
Enter note:
Enter note:
Enter note:
Enter note:
Enter note:
Enter note:
Enter note:
Enter note: You shoot an arrow.
The arrow hits Sigmund but does no damage.
Sigmund is moderately wounded.
Sigmund points at you and mumbles some strange words.
The puff of flame hits you!
721 ||| DRINKING potion of heal wounds.
You feel much better.
You shoot an arrow. The arrow closely misses Sigmund.
Sigmund gestures at you while chanting. You resist with significant effort.
You shoot an arrow. The arrow barely misses Sigmund.
Sigmund hits you from afar with a +6 scythe of protection!
You shoot an arrow. The arrow closely misses Sigmund.
Sigmund hits you from afar with a +6 scythe of protection!
Sigmund completely misses you.
Enter note:
Enter note:
Enter note:
Enter note:
Enter note:
Enter note: You shoot an arrow.
The arrow hits Sigmund.
Sigmund is heavily wounded.
Your hearing returns.
Sigmund points at you and mumbles some strange words.
You are confused.
Sigmund misses you.
Sigmund points at you and mumbles some strange words.
You are more confused.
Sigmund hits you with a +6 scythe of protection!
You die...

#.# #.#
#.# #.#
#.# #.#
#.# #.#
#.# #.#
#.# #.#
........#
#.#
#########
#@# #@#
#.# #.#
..# ####


You could see Sigmund.

Vanquished Creatures
  3 bats
  4 endoplasms (D:1)
  2 giant cockroaches (D:1)
  4 goblins (D:1)
  4 hobgoblins (D:1)
  3 kobolds (D:1)
  2 ball pythons
  A frilled lizard (D:1)
  2 rats (D:1)
25 creatures vanquished.

Notes
Turn   | Place    | Note
-------+----------+-------------------------------------------
     0 | D:1      | qw the Gargoyle Hunter began the quest for the Orb.
     0 | D:1      | Reached XP level 1. HP: 12/12 MP: 1/1
     0 | D:1      | 0 ||| qw: Version: 0.2-a-29-gc1b59c4
     0 | D:1      | 0 ||| qw: Game counter: 4575
     0 | D:1      | 0 ||| qw: Always use a shield: true
     0 | D:1      | 0 ||| qw: God list: Okawaru
     0 | D:1      | 0 ||| qw: Allow faded altars: false
     0 | D:1      | 0 ||| qw: Do Orc after D:15 true
     0 | D:1      | 0 ||| qw: Do second Lair branch before Depths: true
     0 | D:1      | 0 ||| qw: Lair rune preference: random
     0 | D:1      | 0 ||| qw: Plans: Normal, Zot:1-4, Slime:5, God:TSO, Crypt,
                  | Tomb, Abyss, Pan, Hells, Win
     0 | D:1      | 0 ||| PLANNING D:1-11
   139 | D:1      | Reached XP level 2. HP: 17/17 MP: 2/2
   323 | D:1      | Reached XP level 3. HP: 21/21 MP: 3/3
   330 | D:1      | Reached skill level 5 in Ranged Weapons
   548 | D:1      | 548 ||| READING scroll labelled ZAMALA GARILACH.
   549 | D:1      | 549 ||| READING scroll labelled YTOCRU HILL.
   550 | D:1      | 550 ||| READING 2 scrolls labelled SOINUCW ICEJ.
   554 | D:1      | 554 ||| READING scroll labelled IPNEHITZATT.
   555 | D:1      | 555 ||| DRINKING 2 dark potions.
   556 | D:1      | 556 ||| DROPPING scroll of butterflies.
   691 | D:2      | Noticed Sigmund
   695 | D:2      | 695 ||| READING scroll labelled RIUCZEK PUH.
   720 | D:2      | HP: 2/21 [Sigmund/puff of flame (7)]
   721 | D:2      | 721 ||| DRINKING potion of heal wounds.
   729 | D:2      | Slain by Sigmund

Levels and vault maps discovered:
D:1:      dpeg_arrival_shelter, layout_basic, minivault_25, kennysheep_boxes
D:2:      layout_loops_ring, minmay_goblin_kobold_house, uniq_sigmund

Skill      XL: |  1  2  3 |
---------------+----------+-----
Ranged Weapons | 5 |  5.0
Fighting       | |  2.2
Dodging        | |  1.5
Stealth        | |  1.1

Action                     || total
---------------------------++-------
   Fire: Shortbow          ||    78
    Use: Scroll            ||     5
         Potion            ||     2
 Armour: Leather armour    ||    11
  Dodge: Dodged            ||    19

Table legend:
 A = Non-vault XP
 B = Vault XP
 C = Vault XP percentage of total XP
 D = Non-vault monster count
 E = Vault monster count
 F = Vault count percentage of total count
                 A         B        C        D         E       F
            +---------+---------+-------+---------+---------+-------
      Total |      42 |       0 |   0.0 |      25 |       0 |   0.0
            +---------+---------+-------+---------+---------+-------
        D:1 |      40 |       0 |   0.0 |      23 |       0 |   0.0
        D:2 |       2 |       0 |   0.0 |       2 |       0 |   0.0
            +---------+---------+-------+---------+---------+-------
